 Dungeon Crawl Stone Soup version 0.17.1-1-g73c8601 (webtiles) character file.

122 Goblin1989 the Twirler (level 5, -3/30 HPs)
             Began as a Gargoyle Gladiator on Jan 8, 2016.
             Slain by a gnoll
             ... wielding a +2 halberd of venom
              (9 damage)
             ... on level 3 of the Dungeon.
             The game lasted 00:04:19 (1896 turns).

Goblin1989 the Twirler (Gargoyle Gladiator)         Turns: 1896, Time: 00:04:20

Health: -3/30      AC:  9    Str: 19    XL:     5   Next: 6%
Magic:  5/5        EV: 12    Int:  9    God:
Gold:   214        SH:  0    Dex: 10    Spells: 0 memorised, 4 levels left

rFire  . . .     SeeInvis .     a - +0 quarterstaff
rCold  . . .     Clarity  .     b - +0 leather armour
rNeg   + . .     SustAt   .     (shield currently unavailable)
rPois  ∞         Gourm    .     c - +0 helmet
rElec  +         Spirit   .     o - +0 cloak (curse)
rCorr  .         Warding  .     (no gloves)
rMut   .         Stasis   .     (no boots)
MR     .....                    (no amulet)
Stlth  +.........               (no ring)
                                (no ring)

@: not resistant to hostile enchantments, very unstealthy
A: negative energy resistance 1, electricity resistance, unbreathing,
petrification resistance, rot immunity, AC +4
a: no special abilities


You were on level 3 of the Dungeon.
You were very hungry.

You visited 1 branch of the dungeon, and saw 3 of its levels.

You collected 214 gold pieces.

Inventory:

Hand Weapons
 a - a +0 quarterstaff (weapon)
Missiles
 d - 3 throwing nets (quivered)
Armour
 b - a +0 leather armour (worn)
 c - a +0 helmet (worn)
 o - a cursed +0 cloak (worn)
Jewellery
 n - an uncursed ring of poison resistance {unknown}
Scrolls
 g - a scroll of recharging {unknown}
 i - 3 scrolls of remove curse {unknown}
 k - 2 scrolls of identify {unknown}
 m - a scroll of noise {unknown}
Potions
 f - 2 potions of curing {unknown}
 j - 4 potions of brilliance {unknown}
 l - a potion of invisibility {unknown}
Comestibles
 e - 3 bread rations
 h - a beef jerky


   Skills:
 - Level 2.1 Fighting
 * Level 5.6 Staves
 - Level 1.7 Throwing
 - Level 2.4 Dodging


You had 4 spell levels left.
You didn't know any spells.

Dungeon Overview and Level Annotations

Branches:
Dungeon (3/15)

Altars:
Nemelex Xobeh
The Shining One

Annotations:
D:3 Grinder


Innate Abilities, Weirdness & Mutations

You are resistant to torment.
Your stone body is resilient (AC +4).
You are immune to poison.
You resist negative energy.
You are resistant to electric shocks.
You can survive without breathing.
You are immune to petrification.
You are immune to rotting.


Message History

You are too injured to fight recklessly!
You are too injured to fight recklessly!
You are too injured to fight recklessly!
You are too injured to fight recklessly!
You are too injured to fight recklessly!
You are too injured to fight recklessly!
You are too injured to fight recklessly!
You are too injured to fight recklessly!
You are too injured to fight recklessly!
You sock the gnoll!
You kill the gnoll!
You have reached level 5!
The gnoll barely misses you.
Things that are here:
a spear; a gnoll corpse You hit the gnoll but do no damage.
The gnoll misses you.
You sock the gnoll!
The gnoll is severely wounded.
The gnoll hits you with a halberd of venom!
You die...

## .. #. #.
##.#########
#...........
#..#g.......
#.g#@#########
#g.#)#<.......
#..#.#..#########
...#......#.....#
#.>.######.#.###.#
#...# .#...#.#
#...# ###.#.#
#...# #.#.# #...#
#.#.#


You could see a gnoll.

Vanquished Creatures
  Robin (D:2)
  2 gnolls (D:3)
  An adder (D:3)
  An ooze (D:2)
  3 worms (D:2)
  3 orcs (D:2)
  4 bats
  12 hobgoblins
  4 jackals (D:3)
  4 giant cockroaches
  A giant gecko (D:1)
  5 giant newts
  13 goblins
  8 kobolds
  2 quokkas (D:2)
  5 rats
69 creatures vanquished.

Notes
Turn   | Place    | Note
--------------------------------------------------------------
     0 | D:1      | Goblin1989 the Gargoyle Gladiator began the quest for the Orb.
     0 | D:1      | Reached XP level 1. HP: 12/12 MP: 1/1
   248 | D:1      | Reached XP level 2. HP: 12/17 MP: 2/2
   702 | D:1      | Reached skill level 4 in Staves
   782 | D:2      | Reached XP level 3. HP: 18/21 MP: 3/3
   791 | D:2      | Noticed Robin
   815 | D:2      | HP: 1/21 [hobgoblin/club[Robin] (1)]
   827 | D:2      | Killed Robin
  1152 | D:2      | Found a sparkling altar of Nemelex Xobeh.
  1242 | D:2      | Reached XP level 4. HP: 22/26 MP: 4/4
  1356 | D:2      | Reached skill level 5 in Staves
  1416 | D:2      | Found a glowing golden altar of the Shining One.
  1665 | D:3      | Noticed Grinder
  1893 | D:3      | Reached XP level 5. HP: 5/30 MP: 5/5
  1896 | D:3      | Slain by a gnoll

Action                   |  1- 3 |  4- 6 || total
-------------------------+-------+-------++-------
Melee: Quarterstaff      |   130 |    90 ||   220
  Eat: Chunk             |       |     2 ||     2
